 Dungeon Crawl Stone Soup version 0.27.1-3-gb3d3a73c9e (webtiles) character file.

Game seed: 13778292375541035504

1599 Descartes the Firebug (level 8, 0/41 HPs)
             Began as a Deep Elf Fire Elementalist on Oct 7, 2021.
             Slain by an ogre (11 damage)
             ... on level 6 of the Dungeon.
             The game lasted 00:14:14 (6804 turns).

Descartes the Firebug (Deep Elf Fire Elementalist)  Turns: 6804, Time: 00:14:15

Health: 0/41       AC:  9    Str:  7    XL:     8   Next: 62%
Magic:  7/17       EV: 13    Int: 21    God:
Gold:   224        SH:  4    Dex: 15    Spells: 6/17 levels left

rFire    . . .     SeeInvis .   x - staff of conjuration
rCold    . . .     Faith    .   o - +0 buckler {rN+}
rNeg     + . .     Spirit   .   h - +3 leather armour
rPois    .         Reflect  .   (no helmet)
rElec    .         Harm     .   (no cloak)
rCorr    .         Rampage  .   f - +1 pair of gloves
Will     .....                  r - +0 pair of boots
Stlth    +++.......             (no amulet)
HPRegen  0.13/turn              (no ring)
MPRegen  0.15/turn              (no ring)

@: no status effects
A: no striking features
a: no special abilities


You were on level 6 of the Dungeon.
You visited 1 branch of the dungeon, and saw 6 of its levels.

You collected 224 gold pieces.

Inventory:

Hand Weapons
 i - a +0 long sword
 n - a +7 flail of draining
 t - a +2 dagger of pain
Missiles
 d - 117 stones
 e - 8 boomerangs
 l - 22 arrows
 s - 15 poisoned darts
Armour
 f - a +1 pair of gloves (worn)
 h - a +3 leather armour (worn)
 o - a +0 buckler of positive energy (worn)
 r - a +0 pair of boots (worn)
Magical Staves
 x - a staff of conjuration (weapon)
Wands
 v - a wand of flame (6)
 y - a wand of iceblast (8)
Scrolls
 a - 2 scrolls of teleportation
 j - a scroll of blinking
 p - a scroll of immolation
 q - a scroll of torment
 w - a scroll of noise
Potions
 b - 3 potions of curing
 c - 2 potions of heal wounds {unknown}
 g - a potion of degeneration {unknown}
 k - 3 potions of brilliance {unknown}
 m - a potion of flight {unknown}
 u - a potion of magic {unknown}


   Skills:
 - Level 5.0 Dodging
 - Level 5.0 Stealth
 + Level 2.5 Shields
 - Level 5.0 Spellcasting
 + Level 5.5 Conjurations
 + Level 6.4 Fire Magic
 + Level 3.7 Air Magic
 + Level 0.5 Poison Magic
 + Level 2.2 Evocations


You had 6 spell levels left.
You knew the following spells:

 Your Spells              Type           Power      Damage    Failure   Level
a - Foxfire               Conj/Fire      100%       2x1d9     1%          1
b - Fireball              Conj/Fire      22%        3d10      43%         5
c - Airstrike             Air            10%        N/A       38%         4
d - Sting                 Tmut/Pois      24%        1d4       17%         1

Your spell library contained the following spells:

 Spells                   Type           Power      Damage    Failure   Level
 Shock                    Conj/Air       100%       1d9       3%          1
 Conjure Flame            Conj/Fire      45%        6-21      4%          3
 Poisonous Vapours        Pois/Air       28%        N/A       12%         2
 Swiftness                Air            20%        N/A       13%         3
 Inner Flame              Hex/Fire       18%        N/A       16%         3
 Sticky Flame             Conj/Fire      45%        2d6       17%         4
 Corona                   Hex            5%         N/A       19%         1
 Ensorcelled Hibernation  Hex/Ice        10%        N/A       28%         2
 Tukima's Dance           Hex            5%         N/A       50%         3
 Olgreb's Toxic Radiance  Pois           7%         N/A       83%         4
 Passage of Golubria      Tloc           N/A        N/A       88%         4
 Silence                  Hex/Air        6%         N/A       94%         5
 Lehudib's Crystal Spear  Conj/Erth      12%        10d4      100%        8


Dungeon Overview and Level Annotations

Branches:
Dungeon (6/15)             Temple (0/1) D:6

Altars:
Fedhas
Yredelemnul

Shops:
D:1 :


Message History

You feel a surge of power!
You conjure some foxfire!
The gnoll hits you with a +0 club. The adder barely misses you.
Casting: Foxfire (safe; 1% risk of failure)
Confirm with . or Enter, or press ? or * to list all spells.
You feel a surge of power!
You conjure some foxfire!
The foxfire hits the gnoll!
You kill the gnoll!
The foxfire hits the adder.
The adder is moderately wounded.
The adder misses you.
Casting: Foxfire (safe; 1% risk of failure)
Confirm with . or Enter, or press ? or * to list all spells.
You feel a surge of power!
You conjure some foxfire!
The foxfire hits the adder.
The adder is severely wounded.
The foxfire hits the adder.
You kill the adder!
You see here an adder corpse.
Your foxfire dissipates! x2
There is a stone staircase leading down here.
You climb downwards.
You hear the hiss of flowing sand.
There is an entrance to an ossuary on this level.
Hurry and find it before the portal is buried!
Found a scroll of noise.
There is a stone staircase leading up here.
Casting: Foxfire (safe; 1% risk of failure)
Confirm with . or Enter, or press ? or * to list all spells.
You feel a surge of power!
You conjure some foxfire!
The ogre shouts!
The ogre hits you with a +0 giant club!!
Ouch! That really hurt!
* * * LOW HITPOINT WARNING * * *
You feel better.
The foxfire hits the ogre.
The ogre is lightly wounded.
The foxfire hits the ogre.
The ogre is moderately wounded.
The ogre hits you with a +0 giant club.
* * * LOW HITPOINT WARNING * * *
The ogre hits you with a +0 giant club!
You die...

. .. ...# .#...
......#####..##
#..@......?
.......O.....#.
.###########...
#


You could see an ogre.

Vanquished Creatures
  The ghost of Descartes the Ruffian, a novice TrMo (D:5)
  Sigmund (D:2)
  Menkaure (D:4)
  A black bear (D:5)
  A necrophage (D:4)
  A sky beast (D:4)
  An ogre (D:5)
  A scorpion (D:5)
  2 hounds
  A jelly (D:6)
  2 centaur skeletons
  Terence (D:2)
  Natasha (thrice) (D:2)
  3 iguanas
  2 hound skeletons
  10 gnolls
  5 adders
  An ufetubus (D:3)
  3 dart slugs
  4 orcs
  4 endoplasms
  4 giant cockroaches
  5 goblins
  4 hobgoblins
  3 jackals (D:2)
  4 quokkas
  13 ball pythons
  9 bats
  10 kobolds
  6 rats
107 creatures vanquished.

Vanquished Creatures (collateral kills)
  23 foxfires (D:4)
23 creatures vanquished.

Vanquished Creatures (others)
  584 foxfires
  36 plants
620 creatures vanquished.

Grand Total: 750 creatures vanquished

Notes
Turn   | Place    | Note
-------+----------+-------------------------------------------
     0 | D:1      | Descartes the Deep Elf Fire Elementalist began the quest
                  | for the Orb.
     0 | D:1      | Reached XP level 1. HP: 10/10 MP: 6/6
   630 | D:1      | Reached XP level 2. HP: 15/15 MP: 5/8
   899 | D:1      | Found Fuaten's Book Boutique.
  2097 | D:2      | Noticed Natasha
  2101 | D:2      | Reached XP level 3. HP: 19/19 MP: 3/9
  2105 | D:2      | Killed Natasha
  2256 | D:2      | Noticed Natasha
  2262 | D:2      | Killed Natasha
  2263 | D:2      | Reached XP level 4. HP: 24/24 MP: 4/11
  2451 | D:2      | Noticed Natasha
  2455 | D:2      | Killed Natasha
  2456 | D:2      | Reached skill level 4 in Fire Magic
  2530 | D:2      | Noticed Terence
  2584 | D:2      | Killed Terence
  2585 | D:2      | Reached XP level 5. HP: 3/27 MP: 2/13
  2869 | D:2      | Noticed Sigmund
  2875 | D:2      | Killed Sigmund
  2876 | D:2      | Reached XP level 6. HP: 31/32 MP: 7/14
  3002 | D:2      | Found a faded altar of an unknown god.
  3544 | D:3      | Learned a level 5 spell: Fireball
  3756 | D:3      | Learned a level 4 spell: Airstrike
  4952 | D:4      | Reached skill level 5 in Spellcasting
  5036 | D:4      | Found a blossoming altar of Fedhas.
  5190 | D:4      | Found a basalt altar of Yredelemnul.
  5457 | D:4      | Noticed Menkaure
  5462 | D:4      | Killed Menkaure
  5463 | D:4      | Reached skill level 5 in Stealth
  5463 | D:4      | Reached skill level 5 in Fire Magic
  5463 | D:4      | Reached skill level 1 in Air Magic
  5463 | D:4      | Reached XP level 7. HP: 20/36 MP: 10/16
  5724 | D:4      | Reached skill level 5 in Dodging
  5942 | D:5      | Entered Level 5 of the Dungeon
  6066 | D:5      | Reached skill level 1 in Shields
  6095 | D:5      | Reached XP level 8. HP: 41/41 MP: 6/17
  6449 | D:5      | Reached skill level 5 in Conjurations
  6520 | D:5      | Reached skill level 6 in Fire Magic
  6605 | D:5      | Found a runed translucent door.
  6609 | D:5      | Noticed Descartes's ghost (novice TrMo)
  6620 | D:5      | Killed Descartes's ghost
  6676 | D:5      | Learned a level 1 spell: Sting
  6772 | D:6      | Found a staircase to the Ecumenical Temple.
  6804 | D:6      | Slain by an ogre

Illustrated notes

Levels and vault maps discovered:
D:1:      dpeg_arrival_houses_and_road, layout_loops_corners, serial_shops,
          shop, minmay_tripent
D:2:      layout_basic, dreamdust_ecumenical_altar_angels_and_demons,
          bh_walls_and_bars, uniq_natasha, uniq_terence, uniq_sigmund
D:3:      layout_basic, chequers_serial_rivers_micro_a
D:4:      layout_cave_pools, mainiacjoe_overflow_catch_the_wave,
          serial_bayou_lagoon_a, grunt_ministairs_11, minmay_misc_feat_tiny,
          uniq_menkaure
D:5:      layout_rooms, ebering_ghost_reflecting_pool, lemuel_another_geyser
D:6:      layout_rooms, minmay_overflow_temple_hex,
          minmay_temple_entry_gardened_gates, serial_curves, eino_curves_01,
          eino_curves_02, enter_ossuary_1, hangedman_decor_diamond_cutter

Skill      XL: |  1  2  3  4  5  6  7  8 |
---------------+-------------------------+-----
Dodging        | 3 4 5 |  5.0
Stealth        | 3 4 5 |  5.0
Conjurations   | 2 3 4 5 |  5.5
Fire Magic     | 4 5 6 |  6.4
Spellcasting   | 4 5 |  5.0
Air Magic      | 1 2 3 |  3.7
Shields        | 1 2 |  2.5
Evocations     | 2 |  2.2
Poison Magic   | |  0.5

Action                   |  1- 3 |  4- 6 |  7- 9 || total
-------------------------+-------+-------+-------++-------
Melee: Unarmed           |     1 |       |       ||     1
       Staff             |       |       |     1 ||     1
 Cast: Foxfire           |    81 |   185 |    89 ||   355
  Use: Scroll            |       |       |     6 ||     6
       Potion            |       |       |     1 ||     1
Armor: Robe              |     2 |       |       ||     2
       Leather armour    |     5 |     4 |    10 ||    19
Dodge: Dodged            |    12 |     8 |    13 ||    33
Block: Buckler           |       |       |     3 ||     3
       Rpst.: Long sword |       |     3 |       ||     3
